 Dungeon Crawl Stone Soup version 0.31-a0-8-gd14b0f4ee2 (webtiles) character file.

Game seed: 12253993372106676167

189 sanka the Firebug (level 5, 46/46 HPs)
             Began as a Draconian Cinder Acolyte on May 5, 2023.
             Was a High Priest of Ignis.
             Quit the game on level 3 of the Dungeon on May 6, 2023.
             The game lasted 00:04:20 (2390 turns).

sanka the Firebug (Draconian Cinder Acolyte)        Turns: 2390, Time: 00:04:21

Health: 46/46      AC:  5    Str: 17    XL:     5   Next: 40%
Magic:  8/8        EV: 11    Int: 14    God:    Ignis [*****.]
Gold:   169        SH:  0    Dex:  8    Spells: 6/8 levels left

rFire   + .          .
                       - Unarmed
rCold   . . .        (no shield)
rNeg    . . .        (body armour unavailable)
rPois   +            (helmet restricted)
rElec   .            (no cloak)
rCorr   .            (no gloves)
SInv    .            (no boots)
Will    .....        (no amulet)
Stlth   +            (no ring)
HPRegen 0.27/turn    g - ring of poison resistance
MPRegen 0.11/turn

%: no passive effects
@: no status effects
A: AC +5, unfitting armour, cold-blooded
a: Renounce Religion, Fiery Armour, Foxfire Swarm, Rising Flame


You were on level 3 of the Dungeon.
You worshipped Ignis.
Ignis was extremely pleased with you.
You visited 1 branch of the dungeon, and saw 3 of its levels.

You collected 169 gold pieces.


Innate Abilities, Weirdness & Mutations

Your plain brown scales are hard. (AC +5)
You cannot fit into any form of body armour.
You are cold-blooded and may be slowed by cold attacks.


   Skills:
 + Level 4.0 Fighting
 + Level 3.6 Unarmed Combat
 - Level 2.0 Spellcasting
 - Level 5.0 Fire Magic


You had 6 spell levels left.
You knew the following spells:

 Your Spells              Type           Power      Damage    Failure   Level
y - Scorch                Fire           30%        2d6       4%          2

Your spell library contained the following spells:

 Spells                   Type           Power      Damage    Failure   Level
 Vhi's Electric Charge    Tloc/Air       2%         N/A       56%         3
 Arcjolt                  Conj/Air       0%         1d10      100%        5
 Plasma Beam              Fire/Air       4%         2x1d15    100%        6

Inventory:

Missiles
 k - 3 throwing nets {=f}
Jewellery
 g - a ring of poison resistance (right hand)
Scrolls
 d - a scroll of blinking {unknown}
 e - 2 scrolls of identify {unknown}
Potions
 a - 3 potions of flight {unknown}
 b - 4 potions of curing {unknown}
 c - a potion of cancellation {unknown}
 f - a potion of attraction {unknown}
 h - a potion of mutation {unknown}
 i - a potion of haste {unknown}
 j - a potion of brilliance {unknown}

Dungeon Overview and Level Annotations

Branches:
Dungeon (3/15)

Altars:

▒▒▒(.▒▒▒▒''▒▒▒▒
▒▒...▒▒........▒▒
▒..▒▒▒..........▒
▒▒.▒▒▒.....▒▒.....
▒..▒▒...... ▒.....
▒▒▒▒▒▒▒▒.▒▒.......
▒..... .........▒
....... ▒.....
♣+♣▒▒....▒ ......▒
▒▒.... ▒♣♣.d▒ ....
▒▒... ♣.†'..▒ ▒▒▒▒
♣..'..▒ ▒▒▒▒ ♣.▒▒....
▒▒... ♣.. .......
▒▒.... ♣♣.. ........
▒..... ♣♣...▒▒.......
▒..... .
♣♣..▒▒.▒▒...... ▒.....
..
♣♣.......▒▒.....▒▒.....


There were no monsters in sight!


Message History

You open the large door.
A ball python comes into view.
A ball python is nearby!
A ball python is nearby!
The ball python bites you but does no damage.
The ball python closely misses you.
You hit the ball python.
You kill the ball python!
No target in view!
No target in view!
Saving game... please wait.
Options error: Bad object type '%' for autopickup. (~/.crawlrc:98) Options error: Extraneous enemy hp color values ignored in 'green green brown brown magenta red lightgrey' (~/.crawlrc:1371) Bad monster_list_colour key: strict_neutral Options error: Unknown monster: "worker ant:red B" (~/.crawlrc:1491) Options error: Unknown monster: "queen ant:lightgreen B" (~/.crawlrc:1492) Options error: Unknown monster: "soldier ant:white B" (~/.crawlrc:1493) Options error: Unknown monster: "blood saint:9" (~/.crawlrc:1525) Options error: Unknown monster: "warmonger:9" (~/.crawlrc:1526) Options error: Unknown monster: "corrupter:9" (~/.crawlrc:1527) Options error: Unknown monster: "black sun:9" (~/.crawlrc:1528) Options error: Unknown monster: "greater mummy:lightmagenta M" (~/.crawlrc:1534) Bad channel name 'Jiyva says' for runrest: 'Jiyva says: Divide and consume' Options error: Missing colour in message_colour setting: 'or press \? or \* to list all spells\.' Options error: Missing colour in message_colour setting: 'Shift-Dir - straight line' Options error: Missing colour in message_colour setting: 'f - you' Welcome back, sanka the Draconian Cinder Acolyte.
The flames of Ignis gently warm you.
Unknown command.
Are you sure you want to abandon this character and quit the game? (Confirm with "yes".)

Action                     |  1- 3 |  4- 6 || total
---------------------------+-------+-------++-------
  Melee: Unarmed           |   117 |    48 ||   165
         Tailslap          |    12 |     1 ||    13
         Punch             |       |     2 ||     2
   Cast: Scorch            |     7 |    25 ||    32
   Stab: Sleeping          |     1 |       ||     1
 Armour: Skin              |    42 |    17 ||    59
  Dodge: Dodged            |    73 |    27 ||   100

Levels and vault maps discovered:
D:1:      spicycebolla_green_bress_n_ham, layout_basic
D:2:      layout_basic
D:3:      layout_rooms, led_xom_imps, vehumet_crystals,
          dilly_ecumenical_altar_fadedgnrine, kennysheep_cross_room

Notes
Turn   | Place    | Note
-------+----------+-------------------------------------------
     0 | D:1      | sanka the Draconian Cinder Acolyte began the quest for the
                  | Orb.
     0 | D:1      | Reached XP level 1. HP: 19/19 MP: 2/2
   104 | D:1      | Reached XP level 2. HP: 18/26 MP: 2/4
   326 | D:1      | Reached skill level 2 in Spellcasting
   337 | D:1      | Reached XP level 3. HP: 28/31 MP: 6/6
   550 | D:1      | Learned a level 2 spell: Scorch
   820 | D:2      | Reached skill level 4 in Fire Magic
   985 | D:2      | Reached XP level 4. HP: 38/38 MP: 2/7
  1868 | D:2      | Reached skill level 5 in Fire Magic
  1960 | D:3      | Reached XP level 5. HP: 42/46 MP: 3/8
  2140 | D:3      | Reached skill level 4 in Fighting
  2390 | D:3      | Upgraded the game from 0.31-a0-7-g51783674b7 to
                  | 0.31-a0-8-gd14b0f4ee2
  2390 | D:3      | Quit the game

Vanquished Creatures
  3 orc wizards
  3 gnolls (D:2)
  2 worms
  2 dart slugs (D:2)
  10 orcs
  7 ball pythons
  2 bats (D:1)
  7 endoplasms
  2 giant cockroaches
  6 goblins
  2 hobgoblins
  7 jackals (D:1)
  A quokka (D:1)
  4 frilled lizards
  3 kobolds
  6 rats
67 creatures vanquished.
